 Dungeon Crawl Stone Soup version 0.20-a0-465-g6513c8f (webtiles) character file.

196 Duffy the Shield-Bearer (level 5, -8/36 HPs)
             Began as an Octopode Fighter on Jan 12, 2017.
             Mangled by Crazy Yiuf
             ... wielding a +4 quarterstaff of chaos
              (10 damage)
             ... on level 2 of the Dungeon.
             The game lasted 00:01:34 (2069 turns).

Duffy the Shield-Bearer (Octopode Fighter)          Turns: 2069, Time: 00:01:35

Health: -8/36      AC:  1    Str: 17    XL:     5   Next: 74%
Magic:  5/5        EV: 12    Int: 10    God:
Gold:   123        SH:  9    Dex: 11    Spells: 4/4 levels left

rFire  . . .     SeeInvis .       - Unarmed
rCold  . . .     Gourm    .     a - +0 shield
rNeg   . . .     Faith    .     (helmet restricted)
rPois  .         Spirit   .     (no amulet)
rElec  .         Reflect  .     (no ring)
rCorr  .         Harm     .     (no ring)
MR     .....                    (no ring)
Stlth  ++........               (no ring)
                                (no ring)
                                (no ring)
                                (no ring)
                                (no ring)

@: lethally poisoned (-8 -> -21)
A: almost no armour, stealthy swim, amphibious, 8 rings, constrict 8, camouflage
1, gelatinous body 1
a: no special abilities


You were on level 2 of the Dungeon.
You were not hungry.

You visited 1 branch of the dungeon, and saw 2 of its levels.

You collected 123 gold pieces.

Inventory:

Armour
 a - a +0 shield (worn)
Scrolls
 h - a scroll of teleportation {unknown}
 k - a scroll of enchant armour {unknown}
 l - a scroll of remove curse
 m - 2 scrolls of blinking
 n - a scroll of identify {unknown}
Potions
 b - 2 potions of might
 d - 2 potions of curing {unknown}
 e - 2 potions of haste {unknown}
 f - a potion of agility {unknown}
 i - a potion of heal wounds {unknown}
Comestibles
 c - 2 bread rations
 g - 2 meat rations
 j - 2 chunks of flesh


   Skills:
 - Level 3.0 Fighting
 - Level 3.0 Dodging
 + Level 4.8 Shields
 + Level 4.3 Unarmed Combat


You had 4 spell levels left.
You didn't know any spells.

Dungeon Overview and Level Annotations

Branches:
Dungeon (2/15)

Altars:
Xom

Annotations:
D:2 Crazy Yiuf


Innate Abilities, Weirdness & Mutations

You cannot wear most types of armour.
You are very stealthy in the water. (Stealth+)
You are amphibious.
You can wear up to eight rings at the same time.
You can use your tentacles to constrict eight enemies at once.
Your skin changes colour to match your surroundings (Stealth+).
Your rubbery body absorbs attacks. (AC +1, EV +1)


Message History

You are lethally poisoned!
You closely miss Crazy Yiuf. Your grab misses Crazy Yiuf.
You feel sick.
Crazy Yiuf waves his quarterstaff at you.
Crazy Yiuf closely misses you.
You tentacle-slap Crazy Yiuf but do no damage.
You grab Crazy Yiuf.
You constrict Crazy Yiuf, but do no damage.
You feel sick. You block Crazy Yiuf's attack.
You release your grip on Crazy Yiuf.
You feel sick.
You tentacle-slap Crazy Yiuf but do no damage.
You grab Crazy Yiuf.
You squeeze Crazy Yiuf, but do no damage.
You constrict Crazy Yiuf.
You feel sick.
Crazy Yiuf grits, "Snurf!"
You block Crazy Yiuf's attack.
You tentacle-slap Crazy Yiuf.
Crazy Yiuf is moderately wounded.
You constrict Crazy Yiuf.
You feel sick.
Crazy Yiuf hits you with a quarterstaff of chaos!
You die...

77777##
#####777.7...###
#...#7..7.PP...##
#.g@'.7777.P....#
#)..#77 77P.#..#
##### 77###.# #
### #.# . ...
##.# .
#.###############
#..# .
#.##^...........#
#.## .
#.##.#[....####.#
##.# .
#.##.#####.# #.#
#..#


You could see Crazy Yiuf.

Vanquished Creatures
  Sigmund (D:2)
  An adder (D:2)
  2 dart slugs (D:1)
  A leopard gecko (D:1)
  2 goblins
  3 hobgoblins (D:1)
  8 kobolds
  3 bats
  5 rats
26 creatures vanquished.

Notes
Turn   | Place    | Note
-------+----------+-------------------------------------------
     0 | D:1      | Duffy the Octopode Fighter began the quest for the Orb.
     0 | D:1      | Reached XP level 1. HP: 16/16 MP: 1/1
   374 | D:1      | Reached XP level 2. HP: 18/21 MP: 2/2
   703 | D:1      | Found a shimmering altar of Xom.
   730 | D:1      | Found an iron altar of Okawaru.
   730 | D:1      | Found a burning altar of Makhleb.
   732 | D:1      | Found an iron altar of Okawaru.
   732 | D:1      | Found a stormy altar of Qazlal.
   732 | D:1      | Found a bloodstained altar of Trog.
  1253 | D:2      | Reached XP level 3. HP: 24/26 MP: 3/3
  1424 | D:2      | Noticed Sigmund
  1431 | D:2      | HP: 1/26 [something/puff of flame (12)]
  1748 | D:2      | Killed Sigmund
  1748 | D:2      | Reached XP level 4. HP: 10/31 MP: 4/4
  1748 | D:2      | Reached XP level 5. HP: 12/36 MP: 5/5
  2056 | D:2      | Found a runed door.
  2060 | D:2      | Noticed Crazy Yiuf
  2069 | D:2      | Mangled by Crazy Yiuf

Vault maps used:
D:1:      dpeg_arrival_boxorama, doesnt_xom_only_xom
D:2:      fountainhead, minmay_unequal, uniq_crazy_yiuf_cottage, uniq_sigmund

Skill      XL: |  1  2  3 |
---------------+----------+-----
Shields        | 4 |  4.8
Unarmed Combat | 4 |  4.3
Fighting       | |  3.0
Dodging        | |  3.0

Action                   |  1- 3 |  4- 6 || total
-------------------------+-------+-------++-------
Melee: Unarmed           |    56 |    10 ||    66
       Constrict         |    13 |     3 ||    16
       Tentacles         |    15 |     2 ||    17
       Punch             |     1 |     1 ||     2
  Use: Scroll            |       |     2 ||     2
 Stab: Sleeping          |     3 |     1 ||     4
  Eat: Chunk             |     1 |     1 ||     2
       Pizza             |     1 |       ||     1
Armor: Skin              |     2 |       ||     2
Dodge: Dodged            |    17 |     5 ||    22
Block: Shield            |    11 |     3 ||    14
